 Dungeon Crawl Stone Soup version 0.21.1-1-g345015f (webtiles) character file.

54 wilfster70 the Cutter (level 4, -1/29 HPs)
             Began as a Halfling Warper on June 12, 2018.
             Slain by a gnoll
             ... wielding a +0 spear
              (6 damage)
             ... on level 2 of the Dungeon.
             The game lasted 00:07:54 (1900 turns).

wilfster70 the Cutter (Halfling Warper)             Turns: 1900, Time: 00:07:54

Health: -1/29      AC:  3    Str: 13    XL:     4   Next: 12%
Magic:  6/6        EV: 14    Int: 11    God:
Gold:   63         SH:  0    Dex: 13    Spells: 6/6 levels left

rFire    . . .     SeeInvis .   b - +0 hunting sling
rCold    . . .     Gourm    .   (shield restricted)
rNeg     . . .     Faith    .   q - +0 leather armour
rPois    .         Spirit   .   (no helmet)
rElec    .         Reflect  .   (no cloak)
rCorr    .         Harm     .   (no gloves)
MR       .....                  (no boots)
Stlth    +.........             (no amulet)
HPRegen  0.09/turn              (no ring)
MPRegen  0.10/turn              (no ring)

@: no status effects
A: small, mutation resistance 1
a: no special abilities


You were on level 2 of the Dungeon.
You were not hungry.

You visited 1 branch of the dungeon, and saw 2 of its levels.

You collected 63 gold pieces.

Inventory:

Hand Weapons
 a - a +0 short sword
 b - a +0 hunting sling (weapon)
Missiles
 e - 5 tomahawks of dispersal
 i - 3 sling bullets (quivered)
Armour
 q - a +0 leather armour (worn)
Jewellery
 l - an uncursed amulet of faith {unknown}
Scrolls
 d - a scroll of blinking
 g - a scroll of fog
 h - a scroll of magic mapping {unknown}
 k - a scroll of identify
 p - 2 scrolls of enchant armour {unknown}
 s - a scroll of remove curse {unknown}
Potions
 j - a potion of ambrosia {unknown}
 m - a potion of degeneration {unknown}
 n - a potion of curing {unknown}
 o - 2 potions of haste {unknown}
Books
 c - a book of Spatial Translocations

   Spells                             Type                      Level
   a - Blink                          Translocation                2
   b - Shroud of Golubria             Charms/Translocation         2
   c - Lesser Beckoning               Translocation                3
   d - Gell's Gravitas                Translocation                3
   e - Teleport Other                 Translocation                3
   f - Passage of Golubria            Translocation                4
Comestibles
 f - 3 rations


   Skills:
 - Level 1.7 Fighting
 + Level 3.9 Short Blades
 + Level 1.3(1.7) Slings
 - Level 1.0(1.1) Throwing
 - Level 2.5 Armour
 - Level 2.1 Dodging
 - Level 1.5 Spellcasting
   Level 3.2 Translocations


You had 6 spell levels left.
You didn't know any spells.

Dungeon Overview and Level Annotations

Branches:
Dungeon (2/15)

Altars:


Innate Abilities, Weirdness & Mutations

You are small and have problems with some larger weapons.
You are somewhat resistant to further mutation.


Message History

The gnoll's wounds heal themselves!
The gnoll barely misses you.
The gnoll shaman hits you but does no damage.
The gnoll shaman calls upon its god to heal the gnoll.
The gnoll's wounds heal themselves!
You are no longer glowing.
The gnoll shaman calls upon its god to speed up the gnoll.
The gnoll seems to speed up.
The gnoll hits you from afar with a spear.
The gnoll barely misses you. The gnoll barely misses you.
The gnoll hits you from afar with a spear.
* * * LOW HITPOINT WARNING * * *
The gnoll hits you from afar with a spear.
* * * LOW HITPOINT WARNING * * *
The gnoll barely misses you.
The gnoll hits you from afar with a spear.
* * * LOW HITPOINT WARNING * * *
The gnoll closely misses you.
The gnoll hits you from afar with a spear.
You die...

..........
###.....## #########
#.##..##
#.......###### #.
##..# #............#
# #..#
#######.....g......#
#...
............#.g....#
.###...
##...g......###...##
#.......
#..........#
#.@.###### ######..
#..........#
#...#....# ###.
#..........#
#...#....#######...
########.##.#
#..................
.........##.#
#...#...)#######...
........)...#
##...##### #...
..).##############.#
#...
)..................#
####
.##.################


You could see a gnoll shaman and a gnoll.

Vanquished Creatures
  An adder (D:2)
  An ooze (D:2)
  2 worms (D:2)
  2 dart slugs (D:1)
  A leopard gecko (D:2)
  3 bats (D:1)
  A giant cockroach (D:2)
  4 goblins (D:1)
  3 hobgoblins
  3 jackals (D:1)
  A frilled lizard (D:1)
  7 kobolds
  A rat (D:1)
30 creatures vanquished.

Notes
Turn   | Place    | Note
-------+----------+-------------------------------------------
     0 | D:1      | wilfster70 the Halfling Warper began the quest for the Orb.
     0 | D:1      | Reached XP level 1. HP: 14/14 MP: 3/3
    62 | D:1      | Reached XP level 2. HP: 18/19 MP: 4/4
   509 | D:1      | Reached XP level 3. HP: 20/24 MP: 5/5
  1798 | D:2      | Reached skill level 1 in Slings
  1798 | D:2      | Reached XP level 4. HP: 29/29 MP: 6/6
  1900 | D:2      | Slain by a gnoll

Skill      XL: |  1  2  3 |
---------------+----------+-----
Short Blades   | 3 |  3.9
Armour         | 2 |  2.5
Slings         | 1 |  1.3
Fighting       | |  1.7
Throwing       | |  1.0
Dodging        | |  2.1
Spellcasting   | |  1.5
Translocations | |  3.2

Action                   |  1- 3 |  4- 6 || total
-------------------------+-------+-------++-------
Melee: Short sword       |    88 |       ||    88
 Fire: Hunting sling     |    41 |     8 ||    49
  Use: Scroll            |     2 |       ||     2
  Eat: Chunk             |     1 |       ||     1
       Ration            |       |     1 ||     1
Armor: Leather armour    |    19 |     1 ||    20
Dodge: Dodged            |    69 |     7 ||    76
